[ AOE2 MATCH · #483663425 ]
UnrankedDravidians vs Muisca
[ REPLAY ANALYSIS · EXTRACTED FROM THE RECORDED GAME ]
Feudal
10:30
Castle
14:03
Imperial
27:17
| APM avg | 75.1 |
| APM peak | 203 |
| eAPM avg | 44.6 |
| Villagers / military | 226 / 453 |
Focus
⚔️ 43.2% · 🌾 56.8%
Spearman ×302 · Skirmisher ×120 · Bombard Cannon ×12 · Trebuchet (Packed) ×12 · Armored Elephant ×4 · Urumi Swordsman ×2
Feudal
10:57
Castle
14:27
Imperial
41:34
| APM avg | 42.5 |
| APM peak | 73 |
| eAPM avg | 28.0 |
| Villagers / military | 233 / 335 |
Focus
⚔️ 41.6% · 🌾 58.4%
Scout Cavalry ×243 · Cavalry Archer ×73 · Knight ×11 · Trebuchet (Packed) ×7 · Monk ×1
Feudal
11:45
Castle
15:16
Imperial
20:06
| APM avg | 43.1 |
| APM peak | 89 |
| eAPM avg | 20.0 |
| Villagers / military | 122 / 128 |
Focus
⚔️ 40.7% · 🌾 59.3%
Spearman ×55 · Skirmisher ×33 · Unknown (2562) ×32 · Monk ×30 · Trebuchet (Packed) ×10 · Unknown (2586) ×1
Feudal
11:00
Castle
14:31
Imperial
27:38
| APM avg | 45.4 |
| APM peak | 99 |
| eAPM avg | 29.8 |
| Villagers / military | 219 / 628 |
Focus
⚔️ 42.7% · 🌾 57.3%
Spearman ×370 · Cataphract ×95 · Skirmisher ×94 · Camel Scout ×38 · Scout Cavalry ×26 · Hand Cannoneer ×2
Feudal
11:21
Castle
14:54
Imperial
28:05
| APM avg | 51.0 |
| APM peak | 95 |
| eAPM avg | 37.0 |
| Villagers / military | 227 / 568 |
Focus
⚔️ 44.6% · 🌾 55.4%
Scout Cavalry ×247 · Cavalry Archer ×173 · Tarkan ×86 · Trade Cart ×46 · Battering Ram ×37 · Trebuchet (Packed) ×23
Feudal
9:40
Castle
13:17
Imperial
28:44
| APM avg | 64.0 |
| APM peak | 166 |
| eAPM avg | 39.5 |
| Villagers / military | 185 / 442 |
Focus
⚔️ 60.2% · 🌾 39.8%
Scout Cavalry ×333 · Mangudai ×91 · Trebuchet (Packed) ×11 · Camel Scout ×5 · Monk ×2
Feudal
11:50
Castle
15:21
Imperial
28:50
| APM avg | 34.3 |
| APM peak | 74 |
| eAPM avg | 24.7 |
| Villagers / military | 173 / 466 |
Focus
⚔️ 42.2% · 🌾 57.8%
Knight ×350 · Scout Cavalry ×106 · Trade Cart ×33 · Trebuchet (Packed) ×6 · Serjeant ×2 · Mangonel ×1
Feudal
11:12
Castle
14:42
Imperial
34:48
| APM avg | 41.2 |
| APM peak | 88 |
| eAPM avg | 21.8 |
| Villagers / military | 166 / 550 |
Focus
⚔️ 35.5% · 🌾 64.5%
Scout Cavalry ×425 · Hand Cannoneer ×63 · Knight ×59 · Trade Cart ×2 · Trebuchet (Packed) ×2 · Mangonel ×1
Match map
Initial resources + every placement click. Lines = walls · curves = elevation contours. ◆ gold · ⬟ stone · ● berries · ✦ relic · ◌ wall gap
Your base· ✓ Closed at 14:03 · 0t walls · 3 gate(s)
triiitCH2's base· ✓ Closed at 14:27 · 0t walls · 2 gate(s)
Test this meta's base· ✓ Closed at 15:16 · 0t walls · 3 gate(s)
VN_KoNFeR's base· ✓ Closed at 14:31 · 0t walls · 2 gate(s)
SHell | Mr. NoName's base· ✓ Closed at 14:54 · 0t walls · 3 gate(s)
develement's base· ✓ Closed at 13:17 · 0t walls · 2 gate(s)
SHell | forvin's base· ✓ Closed at 15:21 · 0t walls · 2 gate(s)
SHell | Gr8telle's base· ✓ Closed at 14:42 · 0t walls · 2 gate(s)
Smoothed initial terrain · ◌ = detected wall gap · hover for details
Inputs per minute
— PSG EUROPEAN CHAMPIONS - - triiitCH2
Build order — PSG EUROPEAN CHAMPIONS
First 150 of 975 actions detected
| 0:00 | Create | Villager (Male) |
| 0:00 | Create | Villager (Male) |
| 0:01 | Create | Villager (Male) |
| 0:01 | Create | Villager (Male) |
| 0:03 | Build | House |
| 0:06 | Build | House |
| 1:21 | Create | Villager (Male) |
| 1:41 | Create | Villager (Male) |
| 1:41 | Create | Villager (Male) |
| 1:44 | Build | Lumber Camp |
| 2:16 | Create | Villager (Male) |
| 2:16 | Create | Villager (Male) |
| 2:33 | Create | Villager (Male) |
| 2:33 | Create | Villager (Male) |
| 3:11 | Create | Villager (Male) |
| 3:20 | Create | Villager (Male) |
| 3:20 | Create | Villager (Male) |
| 3:31 | Build | House |
| 3:31 | Build | House |
| 3:35 | Build | House |
| 3:50 | Create | Villager (Male) |
| 3:51 | Create | Villager (Male) |
| 4:19 | Create | Villager (Male) |
| 4:19 | Create | Villager (Male) |
| 4:36 | Create | Villager (Male) |
| 5:04 | Build | Mill |
| 5:20 | Create | Villager (Male) |
| 5:53 | Create | Villager (Male) |
| 5:54 | Create | Villager (Male) |
| 5:57 | Create | Villager (Male) |
| 5:57 | Create | Villager (Male) |
| 6:02 | Create | Villager (Male) |
| 6:28 | Create | Villager (Male) |
| 6:42 | Build | Farm |
| 6:44 | Build | Farm |
| 7:08 | Build | Farm |
| 7:54 | Research | Feudal Age |
| 8:07 | Build | Mining Camp |
| 8:27 | Create | Villager (Male) |
| 8:27 | Create | Villager (Male) |
| 10:30 | Age | Feudal Age |
| 10:33 | Build | Market |
| 10:35 | Build | Blacksmith |
| 11:02 | Build | House |
| 11:16 | Research | Double-Bit Axe |
| 11:23 | Research | Castle Age |
| 11:23 | Research | Castle Age |
| 11:43 | Research | Horse Collar |
| 11:43 | Research | Horse Collar |
| 11:47 | Build | Farm |
| 11:48 | Build | Farm |
| 13:22 | Create | Villager (Male) |
| 14:03 | Age | Castle Age |
| 14:04 | Build | Town Center |
| 14:05 | Build | Town Center |
| 14:07 | Research | Bow Saw |
| 14:08 | Research | Heavy Plow |
| 14:14 | Create | Villager (Male) |
| 14:42 | Create | Villager (Male) |
| 14:43 | Build | Farm |
| 14:57 | Build | Farm |
| 15:00 | Create | Villager (Male) |
| 15:13 | Build | Farm |
| 15:14 | Create | Villager (Male) |
| 15:15 | Create | Villager (Male) |
| 15:19 | Build | Farm |
| 15:22 | Build | Farm |
| 15:23 | Create | Villager (Male) |
| 15:23 | Create | Villager (Male) |
| 15:24 | Create | Villager (Male) |
| 15:30 | Create | Villager (Male) |
| 15:44 | Build | Farm |
| 15:47 | Build | Farm |
| 15:54 | Create | Villager (Male) |
| 15:54 | Create | Villager (Male) |
| 16:02 | Create | Villager (Male) |
| 16:05 | Build | Farm |
| 16:06 | Build | Farm |
| 16:12 | Build | House |
| 16:13 | Build | House |
| 16:16 | Create | Villager (Male) |
| 16:16 | Create | Villager (Male) |
| 16:21 | Build | Farm |
| 16:32 | Create | Villager (Male) |
| 16:33 | Create | Villager (Male) |
| 16:35 | Build | Farm |
| 16:37 | Create | Villager (Male) |
| 16:37 | Create | Villager (Male) |
| 16:42 | Build | Farm |
| 16:47 | Build | Farm |
| 16:48 | Build | Farm |
| 16:49 | Create | Villager (Male) |
| 16:49 | Create | Villager (Male) |
| 16:57 | Build | House |
| 16:57 | Build | House |
| 17:09 | Create | Villager (Male) |
| 17:10 | Create | Villager (Male) |
| 17:11 | Build | Farm |
| 17:15 | Create | Villager (Male) |
| 17:16 | Create | Villager (Male) |
| 17:27 | Build | Farm |
| 17:30 | Create | Villager (Male) |
| 17:30 | Create | Villager (Male) |
| 17:32 | Build | House |
| 17:33 | Build | House |
| 17:36 | Create | Villager (Male) |
| 17:45 | Create | Villager (Male) |
| 17:45 | Create | Villager (Male) |
| 17:46 | Build | Lumber Camp |
| 17:59 | Create | Villager (Male) |
| 17:59 | Create | Villager (Male) |
| 18:07 | Build | Farm |
| 18:07 | Create | Villager (Male) |
| 18:08 | Create | Villager (Male) |
| 18:11 | Build | Farm |
| 18:12 | Create | Villager (Male) |
| 18:22 | Create | Villager (Male) |
| 18:22 | Create | Villager (Male) |
| 18:31 | Create | Villager (Male) |
| 18:40 | Build | Farm |
| 18:42 | Build | Farm |
| 18:43 | Build | Farm |
| 18:43 | Create | Villager (Male) |
| 18:43 | Create | Villager (Male) |
| 18:47 | Build | Farm |
| 18:47 | Create | Villager (Male) |
| 18:48 | Create | Villager (Male) |
| 18:54 | Build | Farm |
| 19:01 | Create | Villager (Male) |
| 19:01 | Create | Villager (Male) |
| 19:02 | Build | Farm |
| 19:15 | Build | House |
| 19:15 | Create | Villager (Male) |
| 19:15 | Create | Villager (Male) |
| 19:15 | Create | Villager (Male) |
| 19:21 | Create | Villager (Male) |
| 19:21 | Create | Villager (Male) |
| 19:22 | Build | Farm |
| 19:23 | Build | Farm |
| 19:24 | Build | Farm |
| 19:36 | Create | Villager (Male) |
| 19:36 | Create | Villager (Male) |
| 19:36 | Create | Villager (Male) |
| 19:39 | Build | House |
| 19:40 | Build | House |
| 19:42 | Build | House |
| 19:43 | Create | Villager (Male) |
| 19:43 | Create | Villager (Male) |
| 19:52 | Create | Villager (Male) |
| 19:54 | Build | Farm |
Build order — triiitCH2
First 150 of 754 actions detected
| 0:02 | Create | Villager (Male) |
| 0:02 | Create | Villager (Male) |
| 0:03 | Build | House |
| 0:04 | Build | House |
| 0:06 | Create | Villager (Male) |
| 0:06 | Create | Villager (Male) |
| 1:26 | Create | Villager (Male) |
| 1:27 | Create | Villager (Male) |
| 1:53 | Build | Lumber Camp |
| 2:01 | Create | Villager (Male) |
| 2:01 | Create | Villager (Male) |
| 2:23 | Create | Villager (Male) |
| 2:24 | Create | Villager (Male) |
| 2:24 | Create | Villager (Male) |
| 2:47 | Create | Villager (Male) |
| 3:16 | Create | Villager (Male) |
| 3:16 | Create | Villager (Male) |
| 3:24 | Build | House |
| 3:25 | Build | House |
| 4:00 | Create | Villager (Male) |
| 4:01 | Create | Villager (Male) |
| 4:13 | Create | Villager (Male) |
| 4:41 | Build | Mill |
| 4:50 | Create | Villager (Male) |
| 4:50 | Create | Villager (Male) |
| 5:17 | Create | Villager (Male) |
| 5:36 | Create | Villager (Male) |
| 5:55 | Create | Villager (Male) |
| 6:19 | Create | Villager (Male) |
| 6:44 | Build | Farm |
| 7:00 | Build | Farm |
| 7:37 | Build | Mining Camp |
| 7:53 | Create | Villager (Male) |
| 7:53 | Create | Villager (Male) |
| 8:31 | Research | Feudal Age |
| 8:31 | Research | Feudal Age |
| 10:00 | Build | House |
| 10:36 | Build | House |
| 10:50 | Create | Villager (Male) |
| 10:51 | Create | Villager (Male) |
| 10:57 | Age | Feudal Age |
| 10:59 | Build | Market |
| 11:01 | Build | Blacksmith |
| 11:46 | Research | Castle Age |
| 12:28 | Research | Horse Collar |
| 12:28 | Research | Horse Collar |
| 12:35 | Build | Farm |
| 12:37 | Build | Farm |
| 13:05 | Build | Farm |
| 13:07 | Research | Double-Bit Axe |
| 13:09 | Build | Farm |
| 13:13 | Build | Farm |
| 13:16 | Build | Farm |
| 13:38 | Create | Villager (Male) |
| 14:22 | Create | Villager (Male) |
| 14:27 | Age | Castle Age |
| 14:29 | Build | Town Center |
| 14:31 | Create | Villager (Male) |
| 14:37 | Build | Town Center |
| 15:02 | Research | Bow Saw |
| 15:03 | Research | Bow Saw |
| 15:18 | Create | Villager (Male) |
| 15:29 | Create | Villager (Male) |
| 15:49 | Create | Villager (Male) |
| 15:53 | Build | Farm |
| 15:55 | Build | Farm |
| 15:59 | Build | Farm |
| 16:06 | Build | House |
| 16:14 | Create | Villager (Male) |
| 16:17 | Create | Villager (Male) |
| 16:21 | Build | House |
| 16:23 | Build | House |
| 16:26 | Create | Villager (Male) |
| 16:31 | Create | Villager (Male) |
| 16:34 | Create | Villager (Male) |
| 16:48 | Create | Villager (Male) |
| 16:51 | Build | House |
| 16:52 | Build | House |
| 16:56 | Build | House |
| 16:58 | Build | House |
| 17:05 | Create | Villager (Male) |
| 17:09 | Build | Farm |
| 17:11 | Build | Farm |
| 17:13 | Build | Farm |
| 17:14 | Build | Farm |
| 17:16 | Build | Farm |
| 17:18 | Create | Villager (Male) |
| 17:32 | Create | Villager (Male) |
| 17:37 | Create | Villager (Male) |
| 17:40 | Build | Farm |
| 17:45 | Build | Farm |
| 17:48 | Create | Villager (Male) |
| 17:54 | Build | Farm |
| 17:56 | Build | Farm |
| 17:57 | Build | Farm |
| 17:58 | Build | Farm |
| 18:00 | Build | Farm |
| 18:02 | Create | Villager (Male) |
| 18:05 | Create | Villager (Male) |
| 18:10 | Build | Farm |
| 18:11 | Build | Farm |
| 18:15 | Build | Farm |
| 18:16 | Create | Villager (Male) |
| 18:16 | Create | Villager (Male) |
| 18:43 | Build | Barracks |
| 18:48 | Research | Scale Barding Armor |
| 18:58 | Create | Villager (Male) |
| 19:13 | Build | Stable |
| 19:19 | Create | Villager (Male) |
| 19:19 | Create | Villager (Male) |
| 19:25 | Create | Villager (Male) |
| 19:29 | Create | Villager (Male) |
| 19:35 | Build | Stable |
| 19:37 | Create | Villager (Male) |
| 19:50 | Create | Knight |
| 20:07 | Build | Monastery |
| 20:10 | Research | Husbandry |
| 20:14 | Create | Villager (Male) |
| 20:17 | Build | Farm |
| 20:18 | Create | Villager (Male) |
| 20:22 | Create | Scout Cavalry |
| 20:25 | Create | Villager (Male) |
| 20:42 | Create | Knight |
| 20:46 | Build | Farm |
| 20:47 | Create | Villager (Male) |
| 20:49 | Build | Farm |
| 20:51 | Create | Villager (Male) |
| 20:55 | Build | Farm |
| 20:56 | Research | Devotion |
| 21:05 | Create | Scout Cavalry |
| 21:17 | Create | Villager (Male) |
| 21:26 | Create | Knight |
| 21:32 | Build | House |
| 21:33 | Build | House |
| 21:36 | Build | House |
| 21:38 | Build | House |
| 21:40 | Build | House |
| 21:44 | Build | House |
| 21:45 | Build | House |
| 21:48 | Create | Villager (Male) |
| 21:50 | Build | Mining Camp |
| 22:07 | Build | Stone Wall |
| 22:20 | Build | Farm |
| 22:21 | Build | Farm |
| 22:22 | Create | Villager (Male) |
| 22:23 | Create | Villager (Male) |
| 22:23 | Create | Villager (Male) |
| 22:27 | Build | Stone Wall |
| 22:30 | Create | Scout Cavalry |
| 22:32 | Research | Light Cavalry (upgrade) |
Build order — Test this meta
First 150 of 444 actions detected
| 0:00 | Create | Villager (Male) |
| 0:00 | Create | Villager (Male) |
| 0:01 | Create | Villager (Male) |
| 0:01 | Create | Villager (Male) |
| 0:03 | Build | House |
| 0:04 | Build | House |
| 1:23 | Create | Villager (Male) |
| 1:51 | Build | Settlement |
| 1:58 | Create | Villager (Male) |
| 1:58 | Create | Villager (Male) |
| 2:15 | Create | Villager (Male) |
| 2:40 | Create | Villager (Male) |
| 3:06 | Create | Villager (Male) |
| 3:33 | Create | Villager (Male) |
| 3:52 | Create | Villager (Male) |
| 4:03 | Create | Villager (Male) |
| 4:39 | Create | Villager (Male) |
| 4:43 | Create | Villager (Male) |
| 4:49 | Build | Settlement |
| 4:54 | Create | Villager (Male) |
| 5:21 | Create | Villager (Male) |
| 5:42 | Create | Villager (Male) |
| 5:51 | Create | Villager (Male) |
| 6:05 | Create | Villager (Male) |
| 6:14 | Build | Farm |
| 6:17 | Build | Farm |
| 6:21 | Build | Farm |
| 6:42 | Create | Villager (Male) |
| 7:02 | Create | Villager (Male) |
| 7:03 | Create | Villager (Male) |
| 7:08 | Build | Settlement |
| 7:23 | Build | Farm |
| 7:35 | Create | Villager (Male) |
| 8:38 | Research | Feudal Age |
| 9:23 | Create | Villager (Male) |
| 9:23 | Create | Villager (Male) |
| 9:41 | Build | House |
| 10:33 | Build | Farm |
| 11:45 | Age | Feudal Age |
| 11:47 | Build | Market |
| 11:50 | Build | Blacksmith |
| 12:08 | Build | Farm |
| 12:33 | Research | Castle Age |
| 12:33 | Research | Castle Age |
| 12:44 | Build | Farm |
| 12:48 | Create | Villager (Male) |
| 13:01 | Build | Farm |
| 13:34 | Create | Villager (Male) |
| 15:06 | Build | Farm |
| 15:14 | Build | Farm |
| 15:16 | Age | Castle Age |
| 15:22 | Build | Castle |
| 15:40 | Create | Villager (Male) |
| 16:09 | Build | Farm |
| 16:24 | Build | Farm |
| 16:29 | Research | Loom |
| 16:49 | Research | Imperial Age |
| 16:49 | Research | Imperial Age |
| 17:52 | Build | Monastery |
| 17:55 | Create | Villager (Male) |
| 18:35 | Create | Monk |
| 18:36 | Create | Monk |
| 18:48 | Build | Monastery |
| 18:51 | Research | Sanctity |
| 19:24 | Build | Farm |
| 19:41 | Create | Monk |
| 20:06 | Age | Imperial Age |
| 20:06 | Create | Trebuchet (Packed) |
| 20:07 | Create | Trebuchet (Packed) |
| 20:10 | Create | Villager (Male) |
| 20:15 | Create | Monk |
| 20:24 | Create | Unit 2586 |
| 20:41 | Create | Trebuchet (Packed) |
| 20:42 | Create | Villager (Male) |
| 21:21 | Research | Block Printing |
| 21:22 | Create | Villager (Male) |
| 21:29 | Create | Villager (Male) |
| 21:31 | Build | Farm |
| 21:54 | Create | Trebuchet (Packed) |
| 22:02 | Create | Monk |
| 22:08 | Create | Villager (Male) |
| 22:33 | Create | Villager (Male) |
| 22:39 | Create | Monk |
| 22:58 | Create | Villager (Male) |
| 23:02 | Create | Monk |
| 23:04 | Research | Fervor |
| 23:11 | Create | Villager (Male) |
| 23:13 | Build | Farm |
| 23:49 | Create | Villager (Male) |
| 23:53 | Create | Monk |
| 24:01 | Build | House |
| 24:02 | Build | House |
| 24:03 | Create | Trebuchet (Packed) |
| 24:18 | Create | Villager (Male) |
| 24:20 | Build | Farm |
| 24:38 | Create | Villager (Male) |
| 24:51 | Create | Villager (Male) |
| 25:12 | Create | Villager (Male) |
| 25:44 | Create | Villager (Male) |
| 26:00 | Create | Monk |
| 26:01 | Create | Monk |
| 26:02 | Create | Monk |
| 26:18 | Create | Villager (Male) |
| 26:47 | Create | Villager (Male) |
| 27:03 | Create | Villager (Male) |
| 27:22 | Create | Villager (Male) |
| 27:53 | Create | Villager (Male) |
| 28:14 | Create | Villager (Male) |
| 28:40 | Create | Monk |
| 28:40 | Create | Monk |
| 28:43 | Build | Farm |
| 28:44 | Create | Monk |
| 28:44 | Create | Monk |
| 28:45 | Create | Villager (Male) |
| 28:46 | Build | Monastery |
| 28:48 | Build | Monastery |
| 28:51 | Build | Farm |
| 28:51 | Build | Farm |
| 28:51 | Build | Farm |
| 28:51 | Build | Farm |
| 28:52 | Build | Farm |
| 28:58 | Build | House |
| 28:59 | Build | House |
| 29:00 | Build | House |
| 29:21 | Create | Villager (Male) |
| 29:40 | Create | Villager (Male) |
| 30:01 | Create | Villager (Male) |
| 30:08 | Create | Unit 2562 |
| 30:08 | Create | Unit 2562 |
| 30:08 | Create | Unit 2562 |
| 30:09 | Create | Unit 2562 |
| 30:09 | Create | Unit 2562 |
| 30:11 | Create | Villager (Male) |
| 30:27 | Research | Fletching |
| 30:41 | Create | Unit 2562 |
| 30:52 | Create | Villager (Male) |
| 30:57 | Research | Bodkin Arrow |
| 30:58 | Research | Bodkin Arrow |
| 31:07 | Create | Villager (Male) |
| 31:20 | Create | Unit 2562 |
| 31:23 | Create | Villager (Male) |
| 31:27 | Build | Settlement |
| 31:36 | Create | Villager (Male) |
| 31:38 | Research | Double-Bit Axe |
| 31:58 | Research | Bracer |
| 32:04 | Build | University |
| 32:09 | Create | Unit 2562 |
| 32:09 | Create | Unit 2562 |
| 32:12 | Create | Unit 2562 |
| 32:14 | Create | Villager (Male) |
Build order — VN_KoNFeR
First 150 of 791 actions detected
| 0:01 | Create | Villager (Male) |
| 0:02 | Build | House |
| 0:03 | Build | House |
| 0:12 | Create | Villager (Male) |
| 0:12 | Create | Villager (Male) |
| 0:22 | Create | Villager (Male) |
| 0:22 | Create | Villager (Male) |
| 1:41 | Create | Villager (Male) |
| 1:41 | Create | Villager (Male) |
| 1:59 | Build | Lumber Camp |
| 2:05 | Create | Villager (Male) |
| 2:30 | Create | Villager (Male) |
| 2:30 | Create | Villager (Male) |
| 2:55 | Create | Villager (Male) |
| 3:26 | Create | Villager (Male) |
| 3:37 | Build | House |
| 3:38 | Build | House |
| 4:03 | Create | Villager (Male) |
| 4:12 | Create | Villager (Male) |
| 4:29 | Build | House |
| 4:36 | Create | Villager (Male) |
| 4:52 | Build | Mill |
| 5:20 | Create | Villager (Male) |
| 5:42 | Create | Villager (Male) |
| 6:16 | Create | Villager (Male) |
| 6:18 | Create | Villager (Male) |
| 6:51 | Build | Lumber Camp |
| 6:59 | Build | Farm |
| 7:01 | Build | Farm |
| 7:07 | Create | Villager (Male) |
| 7:30 | Create | Villager (Male) |
| 7:54 | Create | Villager (Male) |
| 8:15 | Build | Mining Camp |
| 8:19 | Create | Villager (Male) |
| 8:35 | Build | Farm |
| 8:44 | Create | Villager (Male) |
| 8:50 | Research | Feudal Age |
| 10:12 | Create | Villager (Male) |
| 10:12 | Create | Villager (Male) |
| 10:16 | Build | House |
| 11:00 | Age | Feudal Age |
| 11:02 | Build | Blacksmith |
| 11:04 | Build | Market |
| 11:40 | Build | House |
| 11:51 | Research | Castle Age |
| 12:18 | Build | Farm |
| 12:19 | Research | Double-Bit Axe |
| 12:25 | Build | Farm |
| 12:32 | Build | Farm |
| 14:06 | Build | Farm |
| 14:10 | Create | Villager (Male) |
| 14:31 | Age | Castle Age |
| 14:33 | Build | Town Center |
| 14:36 | Build | Town Center |
| 14:41 | Research | Bow Saw |
| 14:42 | Research | Horse Collar |
| 14:43 | Research | Loom |
| 14:45 | Create | Villager (Male) |
| 15:10 | Create | Villager (Male) |
| 15:13 | Build | Farm |
| 15:21 | Create | Villager (Male) |
| 15:28 | Build | Farm |
| 15:29 | Create | Villager (Male) |
| 15:48 | Create | Villager (Male) |
| 15:52 | Create | Villager (Male) |
| 15:58 | Create | Villager (Male) |
| 16:00 | Build | Farm |
| 16:00 | Build | Farm |
| 16:00 | Create | Villager (Male) |
| 16:09 | Create | Villager (Male) |
| 16:14 | Build | Farm |
| 16:23 | Create | Villager (Male) |
| 16:28 | Create | Villager (Male) |
| 16:33 | Build | Farm |
| 16:37 | Build | Farm |
| 16:38 | Create | Villager (Male) |
| 16:40 | Build | Farm |
| 16:49 | Create | Villager (Male) |
| 16:58 | Build | Farm |
| 17:00 | Build | Farm |
| 17:01 | Create | Villager (Male) |
| 17:11 | Build | House |
| 17:12 | Build | House |
| 17:18 | Create | Villager (Male) |
| 17:23 | Create | Villager (Male) |
| 17:33 | Build | Farm |
| 17:35 | Build | Farm |
| 17:37 | Build | Farm |
| 17:40 | Build | Farm |
| 17:43 | Create | Villager (Male) |
| 17:44 | Build | Farm |
| 17:46 | Build | House |
| 17:47 | Create | Villager (Male) |
| 17:47 | Create | Villager (Male) |
| 17:52 | Build | Farm |
| 17:58 | Build | Farm |
| 18:02 | Create | Villager (Male) |
| 18:10 | Create | Villager (Male) |
| 18:18 | Create | Villager (Male) |
| 18:22 | Create | Villager (Male) |
| 18:23 | Create | Villager (Male) |
| 18:31 | Build | Town Center |
| 18:36 | Build | House |
| 18:37 | Create | Villager (Male) |
| 18:44 | Create | Villager (Male) |
| 18:49 | Build | Farm |
| 18:52 | Build | Farm |
| 18:54 | Build | Farm |
| 18:54 | Create | Villager (Male) |
| 19:01 | Create | Villager (Male) |
| 19:01 | Create | Villager (Male) |
| 19:05 | Build | Farm |
| 19:07 | Build | Farm |
| 19:09 | Build | House |
| 19:12 | Create | Villager (Male) |
| 19:21 | Create | Villager (Male) |
| 19:23 | Create | Villager (Male) |
| 19:32 | Build | Farm |
| 19:35 | Build | Farm |
| 19:39 | Build | House |
| 19:39 | Create | Villager (Male) |
| 19:45 | Research | Wheelbarrow |
| 19:56 | Create | Villager (Male) |
| 19:58 | Create | Villager (Male) |
| 20:01 | Build | Farm |
| 20:07 | Build | Farm |
| 20:08 | Build | House |
| 20:09 | Build | House |
| 20:10 | Create | Villager (Male) |
| 20:10 | Create | Villager (Male) |
| 20:19 | Build | Farm |
| 20:22 | Create | Villager (Male) |
| 20:35 | Create | Villager (Male) |
| 20:39 | Create | Villager (Male) |
| 20:54 | Create | Villager (Male) |
| 21:01 | Research | Hand Cart |
| 21:01 | Research | Hand Cart |
| 21:03 | Build | House |
| 21:04 | Build | House |
| 21:08 | Create | Villager (Male) |
| 21:13 | Build | Farm |
| 21:16 | Build | Farm |
| 21:26 | Create | Villager (Male) |
| 21:27 | Create | Villager (Male) |
| 21:30 | Build | Mining Camp |
| 21:32 | Create | Villager (Male) |
| 21:42 | Build | Monastery |
| 21:43 | Create | Villager (Male) |
| 21:49 | Build | University |
| 21:49 | Create | Villager (Male) |
Build order — SHell | Mr. NoName
First 150 of 710 actions detected
| 0:01 | Create | Villager (Male) |
| 0:01 | Create | Villager (Male) |
| 0:10 | Create | Villager (Male) |
| 0:12 | Create | Villager (Male) |
| 1:13 | Create | Villager (Male) |
| 1:14 | Create | Villager (Male) |
| 1:27 | Create | Villager (Male) |
| 1:44 | Build | Lumber Camp |
| 1:49 | Research | Loom |
| 1:59 | Create | Villager (Male) |
| 2:37 | Create | Villager (Male) |
| 3:01 | Create | Villager (Male) |
| 3:29 | Create | Villager (Male) |
| 4:00 | Create | Villager (Male) |
| 4:09 | Build | Mill |
| 4:28 | Create | Villager (Male) |
| 4:28 | Create | Villager (Male) |
| 4:36 | Create | Villager (Male) |
| 4:55 | Create | Villager (Male) |
| 5:24 | Create | Villager (Male) |
| 5:37 | Create | Villager (Male) |
| 5:37 | Create | Villager (Male) |
| 5:59 | Create | Villager (Male) |
| 6:04 | Create | Villager (Male) |
| 6:04 | Create | Villager (Male) |
| 7:10 | Build | Farm |
| 7:33 | Build | Farm |
| 7:44 | Create | Villager (Male) |
| 7:48 | Create | Villager (Male) |
| 8:00 | Create | Villager (Male) |
| 8:04 | Create | Villager (Male) |
| 8:07 | Create | Villager (Male) |
| 8:22 | Create | Villager (Male) |
| 8:53 | Build | Mining Camp |
| 8:58 | Research | Feudal Age |
| 8:58 | Research | Feudal Age |
| 10:25 | Create | Villager (Male) |
| 11:21 | Age | Feudal Age |
| 11:23 | Build | Market |
| 11:25 | Build | Blacksmith |
| 11:43 | Create | Villager (Male) |
| 12:14 | Research | Castle Age |
| 12:14 | Research | Castle Age |
| 12:21 | Research | Horse Collar |
| 12:54 | Build | Farm |
| 12:56 | Build | Farm |
| 12:58 | Build | Farm |
| 13:06 | Build | Farm |
| 13:07 | Build | Farm |
| 13:13 | Build | Farm |
| 13:14 | Research | Double-Bit Axe |
| 13:17 | Build | Farm |
| 14:01 | Research | Wheelbarrow |
| 14:36 | Create | Villager (Male) |
| 14:42 | Create | Villager (Male) |
| 14:54 | Age | Castle Age |
| 14:56 | Build | Town Center |
| 14:59 | Build | Town Center |
| 15:09 | Research | Bow Saw |
| 15:09 | Research | Bow Saw |
| 15:16 | Build | Farm |
| 15:21 | Build | Farm |
| 15:42 | Build | Farm |
| 15:59 | Build | Farm |
| 16:09 | Create | Villager (Male) |
| 16:09 | Create | Villager (Male) |
| 16:09 | Create | Villager (Male) |
| 16:22 | Create | Villager (Male) |
| 16:31 | Build | Farm |
| 16:35 | Create | Villager (Male) |
| 16:35 | Create | Villager (Male) |
| 16:35 | Create | Villager (Male) |
| 16:40 | Build | Farm |
| 16:41 | Create | Villager (Male) |
| 16:49 | Build | Farm |
| 16:57 | Build | Farm |
| 16:58 | Create | Villager (Male) |
| 17:04 | Create | Villager (Male) |
| 17:07 | Build | Farm |
| 17:15 | Create | Villager (Male) |
| 17:17 | Build | Farm |
| 17:25 | Build | Farm |
| 17:28 | Create | Villager (Male) |
| 17:33 | Create | Villager (Male) |
| 17:48 | Build | Farm |
| 17:49 | Create | Villager (Male) |
| 18:00 | Build | Farm |
| 18:01 | Create | Villager (Male) |
| 18:04 | Create | Villager (Male) |
| 18:09 | Build | Farm |
| 18:09 | Create | Villager (Male) |
| 18:09 | Create | Villager (Male) |
| 18:16 | Create | Villager (Male) |
| 18:16 | Create | Villager (Male) |
| 18:22 | Build | Mill |
| 18:26 | Create | Villager (Male) |
| 18:51 | Build | Town Center |
| 18:55 | Create | Villager (Male) |
| 18:59 | Build | Farm |
| 18:59 | Build | Farm |
| 18:59 | Build | Farm |
| 19:01 | Create | Villager (Male) |
| 19:02 | Create | Villager (Male) |
| 19:05 | Create | Villager (Male) |
| 19:07 | Build | Farm |
| 19:08 | Create | Villager (Male) |
| 19:13 | Build | Farm |
| 19:14 | Create | Villager (Male) |
| 19:14 | Create | Villager (Male) |
| 19:18 | Create | Villager (Male) |
| 19:21 | Create | Villager (Male) |
| 19:33 | Build | Farm |
| 19:37 | Create | Villager (Male) |
| 19:46 | Build | Farm |
| 19:48 | Build | Farm |
| 19:50 | Create | Villager (Male) |
| 19:58 | Create | Villager (Male) |
| 19:58 | Create | Villager (Male) |
| 19:59 | Create | Villager (Male) |
| 20:00 | Build | Farm |
| 20:02 | Build | Farm |
| 20:02 | Create | Villager (Male) |
| 20:04 | Build | Farm |
| 20:05 | Create | Villager (Male) |
| 20:05 | Create | Villager (Male) |
| 20:16 | Build | Farm |
| 20:16 | Create | Villager (Male) |
| 20:23 | Build | Farm |
| 20:27 | Create | Villager (Male) |
| 20:31 | Build | Farm |
| 20:34 | Create | Villager (Male) |
| 20:39 | Research | Heavy Plow |
| 20:39 | Research | Heavy Plow |
| 20:42 | Create | Villager (Male) |
| 20:50 | Create | Villager (Male) |
| 20:51 | Build | Farm |
| 20:57 | Build | Mill |
| 21:11 | Build | Farm |
| 21:12 | Create | Villager (Male) |
| 21:17 | Build | Mining Camp |
| 21:28 | Build | Farm |
| 21:28 | Build | Farm |
| 21:29 | Build | Farm |
| 21:30 | Create | Villager (Male) |
| 21:35 | Research | Gold Mining |
| 21:42 | Build | Farm |
| 21:43 | Create | Villager (Male) |
| 21:45 | Build | Farm |
| 21:45 | Create | Villager (Male) |
| 21:45 | Create | Villager (Male) |
Build order — develement
First 150 of 638 actions detected
| 0:00 | Create | Villager (Male) |
| 0:00 | Create | Villager (Male) |
| 0:02 | Build | House |
| 0:03 | Build | House |
| 0:08 | Create | Villager (Male) |
| 0:16 | Create | Villager (Male) |
| 1:29 | Build | Lumber Camp |
| 1:37 | Create | Villager (Male) |
| 1:56 | Create | Villager (Male) |
| 2:25 | Create | Villager (Male) |
| 2:31 | Create | Villager (Male) |
| 2:51 | Create | Villager (Male) |
| 2:52 | Create | Villager (Male) |
| 3:18 | Create | Villager (Male) |
| 3:21 | Build | House |
| 3:30 | Create | Villager (Male) |
| 4:23 | Create | Villager (Male) |
| 4:32 | Create | Villager (Male) |
| 4:34 | Create | Villager (Male) |
| 5:22 | Create | Villager (Male) |
| 5:40 | Build | Mining Camp |
| 5:48 | Build | House |
| 6:10 | Create | Villager (Male) |
| 6:22 | Build | Mill |
| 6:36 | Create | Villager (Male) |
| 6:50 | Build | Farm |
| 7:02 | Create | Villager (Male) |
| 7:15 | Research | Feudal Age |
| 7:55 | Build | Farm |
| 9:15 | Create | Villager (Male) |
| 9:27 | Create | Villager (Male) |
| 9:40 | Age | Feudal Age |
| 9:42 | Create | Villager (Male) |
| 9:47 | Build | Market |
| 9:55 | Build | Blacksmith |
| 10:37 | Research | Castle Age |
| 10:37 | Research | Castle Age |
| 11:04 | Build | Lumber Camp |
| 11:27 | Research | Double-Bit Axe |
| 11:30 | Build | House |
| 11:59 | Research | Horse Collar |
| 12:10 | Build | Farm |
| 12:50 | Create | Villager (Male) |
| 13:17 | Age | Castle Age |
| 13:19 | Build | Town Center |
| 13:35 | Build | Monastery |
| 13:37 | Create | Villager (Male) |
| 13:44 | Build | Farm |
| 13:57 | Create | Villager (Male) |
| 14:02 | Build | House |
| 14:11 | Build | Farm |
| 14:22 | Create | Monk |
| 14:28 | Create | Villager (Male) |
| 14:29 | Build | Farm |
| 14:40 | Create | Villager (Male) |
| 14:42 | Build | Farm |
| 14:47 | Build | Farm |
| 14:52 | Create | Villager (Male) |
| 14:55 | Create | Villager (Male) |
| 15:10 | Build | Farm |
| 15:11 | Build | Farm |
| 15:13 | Create | Villager (Male) |
| 15:13 | Create | Villager (Male) |
| 15:22 | Create | Villager (Male) |
| 15:22 | Create | Villager (Male) |
| 15:34 | Create | Villager (Male) |
| 15:44 | Build | Farm |
| 15:46 | Build | Farm |
| 15:54 | Build | Farm |
| 15:55 | Build | Farm |
| 15:56 | Create | Villager (Male) |
| 15:56 | Create | Villager (Male) |
| 16:04 | Create | Villager (Male) |
| 16:13 | Create | Villager (Male) |
| 16:16 | Build | Farm |
| 16:17 | Build | Farm |
| 16:24 | Build | House |
| 16:27 | Build | House |
| 16:33 | Create | Villager (Male) |
| 16:33 | Create | Villager (Male) |
| 16:42 | Create | Villager (Male) |
| 16:47 | Create | Villager (Male) |
| 16:57 | Build | Town Center |
| 17:00 | Create | Villager (Male) |
| 17:00 | Create | Villager (Male) |
| 17:11 | Create | Villager (Male) |
| 17:13 | Build | Farm |
| 17:16 | Create | Villager (Male) |
| 17:32 | Create | Villager (Male) |
| 17:32 | Create | Villager (Male) |
| 17:33 | Build | House |
| 17:46 | Build | House |
| 17:47 | Build | House |
| 17:50 | Research | Wheelbarrow |
| 17:54 | Build | Farm |
| 17:56 | Build | Farm |
| 18:01 | Create | Villager (Male) |
| 18:01 | Create | Villager (Male) |
| 18:09 | Create | Villager (Male) |
| 18:17 | Create | Villager (Male) |
| 18:17 | Create | Villager (Male) |
| 18:25 | Build | Farm |
| 18:40 | Create | Villager (Male) |
| 18:51 | Create | Villager (Male) |
| 18:57 | Create | Villager (Male) |
| 19:00 | Build | Town Center |
| 19:01 | Create | Villager (Male) |
| 19:04 | Build | House |
| 19:05 | Build | House |
| 19:09 | Create | Villager (Male) |
| 19:09 | Create | Villager (Male) |
| 19:17 | Build | Farm |
| 19:21 | Create | Villager (Male) |
| 19:37 | Create | Villager (Male) |
| 19:41 | Create | Villager (Male) |
| 19:42 | Build | House |
| 19:47 | Build | Farm |
| 19:48 | Build | Farm |
| 19:52 | Research | Bow Saw |
| 19:55 | Create | Villager (Male) |
| 19:55 | Create | Villager (Male) |
| 19:58 | Create | Villager (Male) |
| 20:04 | Create | Villager (Male) |
| 20:04 | Create | Villager (Male) |
| 20:08 | Build | Farm |
| 20:10 | Build | Farm |
| 20:17 | Create | Villager (Male) |
| 20:17 | Create | Villager (Male) |
| 20:25 | Build | Farm |
| 20:26 | Build | Farm |
| 20:28 | Create | Villager (Male) |
| 20:30 | Create | Villager (Male) |
| 20:30 | Create | Villager (Male) |
| 20:30 | Create | Villager (Male) |
| 20:32 | Build | House |
| 20:33 | Build | House |
| 20:35 | Create | Villager (Male) |
| 20:35 | Create | Villager (Male) |
| 20:42 | Create | Villager (Male) |
| 20:48 | Create | Villager (Male) |
| 20:52 | Build | Farm |
| 20:53 | Build | Farm |
| 21:04 | Create | Villager (Male) |
| 21:08 | Build | Outpost |
| 21:10 | Build | Outpost |
| 21:12 | Research | Town Watch |
| 21:13 | Create | Villager (Male) |
| 21:19 | Create | Villager (Male) |
| 21:19 | Create | Villager (Male) |
| 21:28 | Create | Villager (Male) |
Build order — SHell | forvin
First 150 of 590 actions detected
| 0:01 | Create | Villager (Male) |
| 0:02 | Build | House |
| 0:04 | Build | House |
| 0:18 | Create | Villager (Male) |
| 0:19 | Create | Villager (Male) |
| 0:19 | Create | Villager (Male) |
| 1:15 | Create | Villager (Male) |
| 1:56 | Build | Lumber Camp |
| 1:56 | Create | Villager (Male) |
| 1:57 | Create | Villager (Male) |
| 1:57 | Create | Villager (Male) |
| 2:19 | Create | Villager (Male) |
| 2:56 | Create | Villager (Male) |
| 3:23 | Create | Villager (Male) |
| 3:23 | Create | Villager (Male) |
| 3:30 | Build | House |
| 3:55 | Create | Villager (Male) |
| 4:20 | Create | Villager (Male) |
| 4:45 | Build | House |
| 4:50 | Create | Villager (Male) |
| 4:51 | Create | Villager (Male) |
| 4:59 | Create | Villager (Male) |
| 5:31 | Create | Villager (Male) |
| 6:39 | Create | Villager (Male) |
| 6:39 | Create | Villager (Male) |
| 6:44 | Build | Mill |
| 6:46 | Build | House |
| 7:07 | Create | Villager (Male) |
| 7:21 | Build | Lumber Camp |
| 7:32 | Create | Villager (Male) |
| 7:38 | Build | Farm |
| 7:39 | Build | Farm |
| 7:49 | Create | Villager (Male) |
| 8:23 | Build | Farm |
| 8:33 | Create | Villager (Male) |
| 9:15 | Create | Villager (Male) |
| 9:33 | Research | Feudal Age |
| 9:49 | Build | Mining Camp |
| 9:57 | Create | Villager (Male) |
| 10:00 | Build | House |
| 10:44 | Build | Farm |
| 11:11 | Build | Farm |
| 11:26 | Research | Loom |
| 11:50 | Age | Feudal Age |
| 11:52 | Build | Market |
| 11:54 | Build | Blacksmith |
| 12:05 | Create | Villager (Male) |
| 12:41 | Research | Castle Age |
| 12:41 | Research | Castle Age |
| 12:41 | Research | Castle Age |
| 12:58 | Research | Horse Collar |
| 13:07 | Build | Farm |
| 13:09 | Build | Farm |
| 13:13 | Build | House |
| 13:16 | Build | House |
| 13:19 | Build | Farm |
| 13:20 | Build | Farm |
| 13:22 | Build | Farm |
| 13:25 | Build | Farm |
| 13:33 | Build | Farm |
| 14:05 | Create | Villager (Male) |
| 14:06 | Create | Villager (Male) |
| 14:15 | Build | House |
| 14:16 | Build | House |
| 14:17 | Build | House |
| 14:22 | Research | Double-Bit Axe |
| 14:37 | Build | House |
| 15:21 | Age | Castle Age |
| 15:22 | Build | Town Center |
| 15:28 | Research | Bow Saw |
| 15:28 | Research | Bow Saw |
| 15:48 | Create | Villager (Male) |
| 15:54 | Build | Outpost |
| 15:58 | Research | Town Watch |
| 16:04 | Create | Villager (Male) |
| 16:04 | Create | Villager (Male) |
| 16:05 | Create | Villager (Male) |
| 16:10 | Create | Villager (Male) |
| 16:13 | Build | Farm |
| 16:15 | Build | Farm |
| 16:17 | Build | Farm |
| 16:20 | Create | Villager (Male) |
| 16:20 | Create | Villager (Male) |
| 16:20 | Create | Villager (Male) |
| 16:24 | Build | Outpost |
| 16:29 | Create | Villager (Male) |
| 16:32 | Build | Farm |
| 17:02 | Build | House |
| 17:03 | Build | House |
| 17:04 | Build | House |
| 17:09 | Build | Farm |
| 17:34 | Build | Town Center |
| 17:48 | Research | Wheelbarrow |
| 17:51 | Research | Loom |
| 17:53 | Create | Villager (Male) |
| 17:53 | Create | Villager (Male) |
| 17:54 | Create | Villager (Male) |
| 17:55 | Create | Villager (Male) |
| 18:00 | Build | Farm |
| 18:10 | Create | Villager (Male) |
| 18:10 | Create | Villager (Male) |
| 18:10 | Create | Villager (Male) |
| 18:10 | Create | Villager (Male) |
| 18:15 | Build | Farm |
| 18:17 | Build | Farm |
| 18:27 | Build | Farm |
| 18:29 | Create | Villager (Male) |
| 18:29 | Create | Villager (Male) |
| 18:34 | Build | House |
| 18:37 | Build | House |
| 18:40 | Create | Villager (Male) |
| 18:40 | Create | Villager (Male) |
| 18:42 | Build | Farm |
| 18:51 | Build | Farm |
| 18:54 | Build | Farm |
| 19:24 | Research | Hand Cart |
| 19:28 | Create | Villager (Male) |
| 19:29 | Create | Villager (Male) |
| 19:34 | Create | Villager (Male) |
| 19:43 | Build | Farm |
| 19:43 | Build | Farm |
| 19:46 | Create | Villager (Male) |
| 19:47 | Create | Villager (Male) |
| 19:52 | Build | Barracks |
| 20:00 | Create | Villager (Male) |
| 20:00 | Create | Villager (Male) |
| 20:13 | Create | Villager (Male) |
| 20:14 | Create | Villager (Male) |
| 20:18 | Build | Farm |
| 20:29 | Build | Outpost |
| 20:31 | Create | Villager (Male) |
| 20:31 | Create | Villager (Male) |
| 20:31 | Create | Villager (Male) |
| 20:35 | Build | Farm |
| 20:42 | Build | House |
| 20:42 | Research | Heavy Plow |
| 20:52 | Create | Spearman |
| 21:00 | Build | Outpost |
| 21:02 | Create | Villager (Male) |
| 21:02 | Create | Villager (Male) |
| 21:07 | Build | Farm |
| 21:10 | Build | Lumber Camp |
| 21:15 | Create | Villager (Male) ×5 |
| 21:20 | Build | Farm |
| 21:22 | Build | Farm |
| 21:32 | Build | Outpost |
| 21:33 | Create | Villager (Male) |
| 21:35 | Create | Villager (Male) |
| 21:37 | Create | Villager (Male) |
| 21:43 | Build | Mill |
Build order — SHell | Gr8telle
First 150 of 566 actions detected
| 0:01 | Create | Villager (Male) |
| 0:01 | Create | Villager (Male) |
| 0:02 | Build | House |
| 0:04 | Build | House |
| 0:07 | Create | Villager (Male) |
| 0:14 | Create | Villager (Male) |
| 1:35 | Create | Villager (Male) |
| 1:51 | Create | Villager (Male) |
| 1:53 | Build | Lumber Camp |
| 2:18 | Create | Villager (Male) |
| 2:45 | Create | Villager (Male) |
| 3:13 | Create | Villager (Male) |
| 3:27 | Create | Villager (Male) |
| 3:54 | Build | House |
| 3:59 | Create | Villager (Male) |
| 4:09 | Create | Villager (Male) |
| 4:46 | Build | Mill |
| 4:53 | Create | Villager (Male) |
| 5:26 | Build | House |
| 5:42 | Create | Villager (Male) |
| 5:46 | Create | Villager (Male) |
| 6:26 | Create | Villager (Male) |
| 6:32 | Build | Farm |
| 6:48 | Create | Villager (Male) |
| 6:56 | Create | Villager (Male) |
| 6:58 | Build | Farm |
| 7:38 | Build | Farm |
| 7:40 | Create | Villager (Male) |
| 7:57 | Create | Villager (Male) |
| 8:21 | Create | Villager (Male) |
| 8:41 | Build | Mining Camp |
| 8:44 | Research | Feudal Age |
| 9:46 | Build | Barracks |
| 10:11 | Build | House |
| 10:35 | Create | Villager (Male) |
| 10:35 | Create | Villager (Male) |
| 11:12 | Age | Feudal Age |
| 11:14 | Build | Stable |
| 11:19 | Build | Blacksmith |
| 11:55 | Research | Castle Age |
| 11:56 | Research | Castle Age |
| 12:27 | Research | Double-Bit Axe |
| 12:36 | Build | House |
| 12:50 | Build | Farm |
| 12:53 | Build | Farm |
| 13:05 | Research | Wheelbarrow |
| 13:07 | Create | Villager (Male) |
| 13:15 | Build | Farm |
| 13:52 | Build | Farm |
| 14:06 | Create | Villager (Male) |
| 14:08 | Research | Wheelbarrow |
| 14:24 | Build | Farm |
| 14:26 | Build | Farm |
| 14:42 | Age | Castle Age |
| 14:45 | Create | Knight |
| 14:46 | Create | Knight |
| 14:57 | Build | Town Center |
| 15:16 | Build | Farm |
| 15:21 | Create | Villager (Male) |
| 15:24 | Create | Knight |
| 15:33 | Build | Farm |
| 15:34 | Create | Villager (Male) |
| 15:41 | Build | Farm |
| 15:56 | Build | Farm |
| 15:58 | Create | Villager (Male) |
| 16:08 | Create | Villager (Male) |
| 16:11 | Create | Villager (Male) |
| 16:18 | Build | House |
| 16:30 | Build | Farm |
| 16:31 | Research | Bow Saw |
| 16:35 | Research | Husbandry |
| 16:49 | Create | Villager (Male) |
| 16:57 | Create | Knight |
| 17:02 | Build | House |
| 17:05 | Build | Farm |
| 17:09 | Create | Villager (Male) |
| 17:13 | Build | Farm |
| 17:14 | Build | Farm |
| 17:15 | Create | Villager (Male) |
| 17:15 | Create | Villager (Male) |
| 17:22 | Build | Farm |
| 17:24 | Create | Villager (Male) |
| 17:24 | Create | Villager (Male) |
| 17:34 | Create | Villager (Male) |
| 17:44 | Create | Knight |
| 17:51 | Build | Farm |
| 17:53 | Create | Villager (Male) |
| 17:54 | Create | Villager (Male) |
| 17:56 | Build | Farm |
| 17:59 | Create | Villager (Male) |
| 18:01 | Build | Farm |
| 18:10 | Create | Villager (Male) |
| 18:10 | Create | Villager (Male) |
| 18:14 | Build | Farm |
| 18:17 | Create | Villager (Male) |
| 18:21 | Build | House |
| 18:29 | Build | Farm |
| 18:32 | Create | Villager (Male) |
| 18:32 | Create | Villager (Male) |
| 18:34 | Create | Knight |
| 18:34 | Create | Knight |
| 18:34 | Create | Knight |
| 18:52 | Research | Gold Mining |
| 19:00 | Build | Farm |
| 19:02 | Create | Villager (Male) |
| 19:07 | Create | Villager (Male) |
| 19:14 | Create | Knight |
| 19:14 | Create | Knight |
| 19:23 | Create | Villager (Male) |
| 19:25 | Build | Farm |
| 19:26 | Build | Farm |
| 19:27 | Create | Villager (Male) |
| 19:37 | Build | Farm |
| 19:38 | Create | Villager (Male) |
| 19:45 | Create | Villager (Male) |
| 19:58 | Create | Knight |
| 20:06 | Create | Knight |
| 20:10 | Create | Villager (Male) |
| 20:14 | Build | House |
| 20:21 | Create | Knight |
| 20:24 | Create | Villager (Male) |
| 20:29 | Build | Stable |
| 20:34 | Build | Farm |
| 20:39 | Research | Scale Barding Armor |
| 20:46 | Build | House |
| 20:51 | Create | Knight |
| 20:52 | Create | Villager (Male) |
| 20:56 | Create | Villager (Male) |
| 20:58 | Build | Farm |
| 20:59 | Create | Villager (Male) |
| 21:16 | Create | Knight |
| 21:24 | Build | House |
| 21:27 | Create | Knight |
| 21:28 | Create | Knight |
| 21:37 | Create | Villager (Male) |
| 21:43 | Research | Loom |
| 21:51 | Research | Forging |
| 21:53 | Create | Villager (Male) |
| 21:56 | Build | House |
| 22:02 | Create | Knight |
| 22:02 | Create | Knight |
| 22:06 | Build | Farm |
| 22:11 | Build | Farm |
| 22:13 | Build | Farm |
| 22:16 | Build | House |
| 22:24 | Create | Knight |
| 22:24 | Create | Knight |
| 22:25 | Create | Villager (Male) |
| 22:29 | Create | Villager (Male) |
| 22:33 | Build | House |
Match timeline
| 9:40 | develement · age_up feudal |
| 9:46 | SHell | Gr8telle · first_building Barracks |
| 10:30 | PSG EUROPEAN CHAMPIONS · age_up feudal |
| 10:57 | triiitCH2 · age_up feudal |
| 11:00 | VN_KoNFeR · age_up feudal |
| 11:12 | SHell | Gr8telle · age_up feudal |
| 11:14 | SHell | Gr8telle · first_building Stable |
| 11:21 | SHell | Mr. NoName · age_up feudal |
| 11:45 | Test this meta · age_up feudal |
| 11:50 | SHell | forvin · age_up feudal |
| 12:13 | SHell | Mr. NoName · first_market_sell 100 stone |
| 13:17 | develement · age_up castle |
| 13:35 | develement · first_building Monastery |
| 14:03 | PSG EUROPEAN CHAMPIONS · age_up castle |
| 14:12 | PSG EUROPEAN CHAMPIONS · first_market_buy 100 food |
| 14:27 | triiitCH2 · age_up castle |
| 14:31 | VN_KoNFeR · age_up castle |
| 14:39 | VN_KoNFeR · first_market_buy 100 wood |
| 14:42 | SHell | Gr8telle · age_up castle |
| 14:54 | SHell | Mr. NoName · age_up castle |
| 15:00 | triiitCH2 · first_market_buy 100 food |
| 15:16 | Test this meta · age_up castle |
| 15:21 | SHell | forvin · age_up castle |
| 15:22 | Test this meta · first_building Castle |
| 15:44 | SHell | forvin · first_market_sell 100 stone |
| 15:46 | SHell | forvin · first_market_buy 100 wood |
| 16:12 | Test this meta · first_market_sell 500 wood |
| 16:15 | Test this meta · first_market_buy 100 food |
| 16:54 | develement · first_market_buy 100 wood |
| 17:52 | Test this meta · first_building Monastery |
| 18:43 | triiitCH2 · first_building Barracks |
| 19:13 | triiitCH2 · first_building Stable |
| 19:52 | SHell | forvin · first_building Barracks |
| 20:06 | Test this meta · age_up imperial |
| 20:07 | triiitCH2 · first_building Monastery |
| 20:51 | PSG EUROPEAN CHAMPIONS · first_building Barracks |
| 21:33 | PSG EUROPEAN CHAMPIONS · first_building Castle |
| 21:42 | VN_KoNFeR · first_building Monastery |
| 22:07 | triiitCH2 · wall_segment Stone Wall x18 |
| 22:27 | triiitCH2 · wall_segment Stone Wall x1 |
| 22:36 | SHell | forvin · first_building Stable |
| 22:37 | SHell | Mr. NoName · first_building Monastery |
| 24:37 | SHell | forvin · wall_segment Palisade Wall x1 |
| 24:38 | SHell | forvin · wall_segment Palisade Wall x1 |
| 24:39 | SHell | forvin · wall_segment Palisade Wall x1 |
| 24:49 | SHell | forvin · first_building Siege Workshop |
| 25:00 | SHell | forvin · wall_segment Palisade Wall x1 |
| 25:02 | SHell | forvin · wall_segment Palisade Wall x1 |
| 25:03 | SHell | forvin · wall_segment Palisade Wall x1 |
| 25:12 | SHell | forvin · wall_segment Palisade Wall x1 |
| 25:14 | SHell | Mr. NoName · first_building Barracks |
| 25:31 | develement · first_market_sell 100 wood |
| 26:00 | develement · first_building Barracks |
| 26:06 | SHell | Mr. NoName · first_building Archery Range |
| 26:17 | VN_KoNFeR · first_building Barracks |
| 26:46 | SHell | Mr. NoName · first_building Castle |
| 26:53 | VN_KoNFeR · first_building Stable |
| 26:58 | develement · first_building Castle |
| 27:17 | PSG EUROPEAN CHAMPIONS · age_up imperial |
| 27:27 | develement · first_building Stable |
| 27:38 | VN_KoNFeR · age_up imperial |
| 27:41 | PSG EUROPEAN CHAMPIONS · first_market_sell 100 food |
| 27:49 | SHell | Mr. NoName · first_building Stable |
| 28:01 | develement · wall_segment Palisade Wall x1 |
| 28:05 | SHell | Mr. NoName · age_up imperial |
| 28:17 | VN_KoNFeR · first_building Castle |
| 28:33 | SHell | Mr. NoName · wall_segment Palisade Wall x1 |
| 28:37 | SHell | Mr. NoName · wall_segment Palisade Wall x1 |
| 28:38 | SHell | Mr. NoName · wall_segment Palisade Wall x1 |
| 28:40 | SHell | Mr. NoName · wall_segment Palisade Wall x1 |
| 28:44 | develement · age_up imperial |
| 28:50 | SHell | forvin · age_up imperial |
| 30:17 | develement · first_building Archery Range |
| 30:25 | PSG EUROPEAN CHAMPIONS · wall_segment Stone Wall x1 |
| 30:27 | SHell | Gr8telle · first_building Siege Workshop |
| 30:34 | PSG EUROPEAN CHAMPIONS · first_building Archery Range |
| 31:27 | SHell | Gr8telle · first_building Archery Range |
| 31:49 | SHell | forvin · first_building Castle |
| 32:37 | SHell | forvin · wall_segment Stone Wall x8 |
| 32:38 | SHell | forvin · wall_segment Stone Wall x1 |
| 32:39 | SHell | forvin · wall_segment Stone Wall x1 |
| 32:40 | SHell | forvin · wall_segment Stone Wall x1 |
| 33:36 | SHell | Gr8telle · wall_segment Stone Wall x1 |
| 34:01 | SHell | Gr8telle · wall_segment Stone Wall x1 |
| 34:13 | VN_KoNFeR · first_market_sell 100 food |
| 34:48 | SHell | Gr8telle · age_up imperial |
| 35:48 | develement · wall_segment Stone Wall x4 |
| 35:51 | SHell | forvin · tribute_sent a jugador 1 |
| 35:51 | SHell | forvin · tribute_sent a jugador 2 |
| 35:51 | SHell | forvin · tribute_sent a jugador 3 |
| 35:51 | SHell | forvin · tribute_sent a jugador 4 |
| 35:51 | SHell | forvin · tribute_sent a jugador 5 |
| 35:51 | SHell | forvin · tribute_sent a jugador 7 |
| 35:51 | SHell | forvin · tribute_sent a jugador 8 |
| 35:53 | PSG EUROPEAN CHAMPIONS · first_building Siege Workshop |
| 36:02 | VN_KoNFeR · first_building Archery Range |
| 36:03 | SHell | forvin · tribute_sent a jugador 1 |
| 36:03 | SHell | forvin · tribute_sent a jugador 2 |
| 36:03 | SHell | forvin · tribute_sent a jugador 3 |
| 36:03 | SHell | forvin · tribute_sent a jugador 4 |
| 36:03 | SHell | forvin · tribute_sent a jugador 5 |
| 36:03 | SHell | forvin · tribute_sent a jugador 7 |
| 36:03 | SHell | forvin · tribute_sent a jugador 8 |
| 36:17 | develement · wall_segment Stone Wall x9 |
| 36:37 | develement · wall_segment Stone Wall x7 |
| 37:36 | develement · wall_segment Stone Wall x1 |
| 37:37 | develement · wall_segment Stone Wall x1 |
| 37:39 | develement · wall_segment Stone Wall x1 |
| 37:41 | develement · wall_segment Stone Wall x2 |
| 37:42 | develement · wall_segment Stone Wall x1 |
| 37:44 | develement · wall_segment Stone Wall x1 |
| 37:46 | develement · wall_segment Stone Wall x1 |
| 37:51 | develement · wall_segment Stone Wall x2 |
| 38:01 | develement · wall_segment Stone Wall x6 |
| 38:14 | develement · wall_segment Stone Wall x1 |
| 38:15 | develement · wall_segment Stone Wall x1 |
| 38:17 | develement · wall_segment Stone Wall x1 |
| 38:18 | SHell | forvin · first_building Monastery |
| 38:32 | develement · wall_segment Stone Wall x1 |
| 38:37 | develement · wall_segment Stone Wall x1 |
| 38:52 | develement · wall_segment Stone Wall x1 |
| 39:14 | develement · wall_segment Stone Wall x2 |
| 39:15 | develement · wall_segment Stone Wall x4 |
| 39:20 | develement · wall_segment Stone Wall x1 |
| 39:21 | develement · wall_segment Stone Wall x1 |
| 39:37 | triiitCH2 · first_building Archery Range |
| 40:25 | SHell | Mr. NoName · first_building Siege Workshop |
| 40:53 | triiitCH2 · first_building Castle |
| 41:07 | SHell | Mr. NoName · first_market_buy 100 wood |
| 41:14 | VN_KoNFeR · tribute_sent a jugador 1 |
| 41:14 | VN_KoNFeR · tribute_sent a jugador 2 |
| 41:14 | VN_KoNFeR · tribute_sent a jugador 4 |
| 41:14 | VN_KoNFeR · tribute_sent a jugador 5 |
| 41:14 | VN_KoNFeR · tribute_sent a jugador 6 |
| 41:14 | VN_KoNFeR · tribute_sent a jugador 7 |
| 41:14 | VN_KoNFeR · tribute_sent a jugador 8 |
| 41:34 | triiitCH2 · age_up imperial |
| 42:00 | VN_KoNFeR · tribute_sent a jugador 1 |
| 42:00 | VN_KoNFeR · tribute_sent a jugador 2 |
| 42:00 | VN_KoNFeR · tribute_sent a jugador 4 |
| 42:00 | VN_KoNFeR · tribute_sent a jugador 5 |
| 42:00 | VN_KoNFeR · tribute_sent a jugador 6 |
| 42:00 | VN_KoNFeR · tribute_sent a jugador 7 |
| 42:00 | VN_KoNFeR · tribute_sent a jugador 8 |
| 42:43 | Test this meta · wall_segment Stone Wall x1 |
| 43:27 | SHell | Gr8telle · first_building Castle |
| 46:31 | Test this meta · first_building Siege Workshop |
| 46:39 | develement · wall_segment Stone Wall x5 |
| 47:25 | PSG EUROPEAN CHAMPIONS · wall_segment Stone Wall x2 |
| 47:41 | develement · wall_segment Stone Wall x1 |
| 48:05 | triiitCH2 · first_market_sell 500 food |
| 48:19 | develement · wall_segment Palisade Wall x1 |
| 48:23 | SHell | Gr8telle · wall_segment Stone Wall x1 |
| 48:39 | develement · wall_segment Stone Wall x1 |
| 48:55 | develement · wall_segment Stone Wall x1 |
| 48:58 | Test this meta · first_building Barracks |
| 48:59 | develement · wall_segment Stone Wall x1 |
| 49:01 | develement · wall_segment Stone Wall x1 |
| 49:01 | develement · wall_segment Stone Wall x1 |
| 49:02 | develement · wall_segment Stone Wall x1 |
| 49:09 | develement · wall_segment Stone Wall x4 |
| 49:11 | develement · wall_segment Stone Wall x1 |
| 49:12 | develement · wall_segment Stone Wall x1 |
| 50:51 | VN_KoNFeR · tribute_sent a jugador 1 |
| 50:51 | VN_KoNFeR · tribute_sent a jugador 2 |
| 50:51 | VN_KoNFeR · tribute_sent a jugador 4 |
| 50:51 | VN_KoNFeR · tribute_sent a jugador 5 |
| 50:51 | VN_KoNFeR · tribute_sent a jugador 6 |
| 50:51 | VN_KoNFeR · tribute_sent a jugador 7 |
| 50:51 | VN_KoNFeR · tribute_sent a jugador 8 |
| 51:31 | Test this meta · first_building Archery Range |
| 51:46 | develement · wall_segment Stone Wall x2 |
| 51:49 | develement · wall_segment Stone Wall x2 |
| 51:50 | develement · wall_segment Stone Wall x1 |
| 52:06 | SHell | Gr8telle · first_market_sell 100 wood |
| 52:08 | VN_KoNFeR · tribute_sent a jugador 1 |
| 52:08 | VN_KoNFeR · tribute_sent a jugador 2 |
| 52:08 | VN_KoNFeR · tribute_sent a jugador 4 |
| 52:08 | VN_KoNFeR · tribute_sent a jugador 5 |
| 52:08 | VN_KoNFeR · tribute_sent a jugador 6 |
| 52:08 | VN_KoNFeR · tribute_sent a jugador 7 |
| 52:08 | VN_KoNFeR · tribute_sent a jugador 8 |
| 53:16 | VN_KoNFeR · tribute_sent a jugador 1 |
| 53:16 | VN_KoNFeR · tribute_sent a jugador 2 |
| 53:16 | VN_KoNFeR · tribute_sent a jugador 4 |
| 53:16 | VN_KoNFeR · tribute_sent a jugador 5 |
| 53:16 | VN_KoNFeR · tribute_sent a jugador 6 |
| 53:16 | VN_KoNFeR · tribute_sent a jugador 7 |
| 53:16 | VN_KoNFeR · tribute_sent a jugador 8 |
| 53:51 | SHell | forvin · tribute_sent a jugador 1 |
| 53:51 | SHell | forvin · tribute_sent a jugador 2 |
| 53:51 | SHell | forvin · tribute_sent a jugador 3 |
| 53:51 | SHell | forvin · tribute_sent a jugador 4 |
| 53:51 | SHell | forvin · tribute_sent a jugador 5 |
| 53:51 | SHell | forvin · tribute_sent a jugador 7 |
| 53:51 | SHell | forvin · tribute_sent a jugador 8 |
| 53:58 | Test this meta · tribute_sent a jugador 1 |
| 53:58 | Test this meta · tribute_sent a jugador 3 |
| 53:58 | Test this meta · tribute_sent a jugador 4 |
| 53:58 | Test this meta · tribute_sent a jugador 5 |
| 53:58 | Test this meta · tribute_sent a jugador 6 |
| 53:58 | Test this meta · tribute_sent a jugador 7 |
| 53:58 | Test this meta · tribute_sent a jugador 8 |
| 54:07 | SHell | Gr8telle · tribute_sent a jugador 1 |
| 54:07 | SHell | Gr8telle · tribute_sent a jugador 2 |
| 54:07 | SHell | Gr8telle · tribute_sent a jugador 3 |
| 54:07 | SHell | Gr8telle · tribute_sent a jugador 4 |
| 54:07 | SHell | Gr8telle · tribute_sent a jugador 5 |
| 54:07 | SHell | Gr8telle · tribute_sent a jugador 6 |
| 54:07 | SHell | Gr8telle · tribute_sent a jugador 7 |
| 54:22 | VN_KoNFeR · tribute_sent a jugador 1 |
| 54:22 | VN_KoNFeR · tribute_sent a jugador 2 |
| 54:22 | VN_KoNFeR · tribute_sent a jugador 4 |
| 54:22 | VN_KoNFeR · tribute_sent a jugador 5 |
| 54:22 | VN_KoNFeR · tribute_sent a jugador 6 |
| 54:22 | VN_KoNFeR · tribute_sent a jugador 7 |
| 54:22 | VN_KoNFeR · tribute_sent a jugador 8 |
| 54:46 | Test this meta · wall_segment Stone Wall x13 |
| 54:53 | Test this meta · wall_segment Stone Wall x18 |
| 55:37 | VN_KoNFeR · tribute_sent a jugador 1 |
| 55:37 | VN_KoNFeR · tribute_sent a jugador 2 |
| 55:37 | VN_KoNFeR · tribute_sent a jugador 4 |
| 55:37 | VN_KoNFeR · tribute_sent a jugador 5 |
| 55:37 | VN_KoNFeR · tribute_sent a jugador 6 |
| 55:37 | VN_KoNFeR · tribute_sent a jugador 7 |
| 55:37 | VN_KoNFeR · tribute_sent a jugador 8 |
| 56:08 | VN_KoNFeR · first_building Siege Workshop |
| 56:39 | develement · wall_segment Stone Wall x2 |
| 57:03 | Test this meta · resign |
[ AI ANALYSIS · 1 CREDIT ]
What really happened in this match?
Wolo.gg analyzes every decision: build order, eco, micro, common mistakes by bracket. Personalized analysis on WhatsApp or Discord in 30 seconds.
Civ guide
Dravidians
Perfil
Jugador #11635889